 Dungeon Crawl Stone Soup version 0.20-a0-854-g0cc194a (webtiles) character file.

201 Alarkh the Skirmisher (level 5, -7/41 HPs)
             Began as a Demonspawn Fighter on Mar 11, 2017.
             Mangled by an ogre
             ... wielding a +0 giant club
              (18 damage)
             ... on level 4 of the Dungeon.
             The game lasted 00:02:53 (3621 turns).

Alarkh the Skirmisher (Demonspawn Fighter)          Turns: 3621, Time: 00:02:54

Health: -7/41      AC:  9    Str: 16    XL:     5   Next: 50%
Magic:  0/5        EV:  7    Int: 10    God:
Gold:   189        SH: 13    Dex: 13    Spells: 4/4 levels left

rFire    . . .     SeeInvis .   a - +0 long sword
rCold    . . .     Gourm    .   b - +1 scale mail
rNeg     . . .     Faith    .   c - +0 shield
rPois    .         Spirit   +   (no helmet)
rElec    .         Reflect  .   (no cloak)
rCorr    .         Harm     .   s - +0 pair of gloves
MR       .....                  (no boots)
Stlth    +.........             k - amulet of magic regeneration
Regen    0.2/turn               (no ring)
MPRegen  0.2/turn               (no ring)

@: no status effects
A: large bone plates 1, nightstalker 1, magic shield
a: no special abilities


You were on level 4 of the Dungeon.
You were not hungry.

You visited 1 branch of the dungeon, and saw 4 of its levels.

You collected 189 gold pieces.

Inventory:

Hand Weapons
 a - a +0 long sword (weapon)
Armour
 b - a +1 scale mail (worn)
 c - a +0 shield (worn)
 s - a +0 pair of gloves (worn)
Jewellery
 k - an amulet of magic regeneration (around neck)
Scrolls
 e - a scroll of identify
 h - 4 scrolls of remove curse
 j - a scroll of amnesia
 l - 3 scrolls of teleportation
 n - a scroll of fear
 o - a scroll of magic mapping {unknown}
 q - a scroll of enchant armour
 t - a scroll of random uselessness {unknown}
Potions
 d - 3 potions of might
 g - a potion of curing
 i - a potion of invisibility
 r - a potion of flight
 u - a potion of ambrosia {unknown}
Comestibles
 f - 3 bread rations
 m - 2 royal jellies
 p - 2 chunks of flesh


   Skills:
 + Level 3.5 Fighting
 * Level 3.5 Long Blades
 + Level 3.2 Armour
 + Level 1.7 Dodging
 + Level 3.3 Shields


You had 4 spell levels left.
You didn't know any spells.

Dungeon Overview and Level Annotations

Branches:
Dungeon (4/15)
 Temple: D:4-7

Altars:
Qazlal


Innate Abilities, Weirdness & Mutations

You are partially covered in large bone plates. (SH +4)
You are slightly more attuned to the shadows.
When hurt, damage is shared between your health and your magic reserves.


Message History

The ogre shouts!
An ogre is nearby!
An ogre is nearby!
An ogre is nearby!
The ogre hits you with a giant club!!
You hit the ogre.
The ogre is moderately wounded.
The ogre hits you with a giant club!
* * * LOW HITPOINT WARNING * * *
Okay, then.
You hit the ogre.
The ogre is moderately wounded.
You block the ogre's attack.
You slash the ogre!
The ogre is severely wounded.
You block the ogre's attack.
You hit the ogre.
The ogre is severely wounded.
The ogre hits you with a giant club!!
You die...

# #.##..#######(# #.######
# #...........(.# #......#
######..######### #.####.#
........## #.# #.#
######...## #.## #.#
##.....# ####..# #.#
##.......# ##.##..# #.#
###.........####...#..# #.#
..'.........+..O@.....###.#
###.........####...#......#
##.......## ##.###.#####
##.....## ### #.# #...##
#.# #+## #.# #.# #.#
#######.# ..#
......#.########... ###


You could see an ogre.

Vanquished Creatures
  A scorpion (D:4)
  An orc wizard (D:3)
  A hound skeleton (D:4)
  3 adders (D:3)
  3 worms
  A leopard gecko (D:4)
  6 orcs
  A ball python (D:3)
  4 bats
  6 giant cockroaches
  5 goblins
  8 hobgoblins
  5 jackals
  10 kobolds
  A quokka (D:3)
  5 frilled lizards
  8 rats
69 creatures vanquished.

Notes
Turn   | Place    | Note
-------+----------+-------------------------------------------
     0 | D:1      | Alarkh the Demonspawn Fighter began the quest for the Orb.
     0 | D:1      | Reached XP level 1. HP: 18/18 MP: 1/1
   130 | D:1      | Gained mutation: You are slightly more attuned to the shadows. [demonic ancestry]
   130 | D:1      | Reached XP level 2. HP: 18/24 MP: 2/2
   911 | D:1      | Gained mutation: When hurt, damage is shared between your health and your magic reserves. [demonic ancestry]
   911 | D:1      | Reached XP level 3. HP: 29/29 MP: 3/3
   971 | D:2      | Noticed an air elemental
   972 | D:2      | Found a stormy altar of Qazlal.
   974 | D:2      | Noticed a fire elemental
   975 | D:2      | Noticed a water elemental
   975 | D:2      | Noticed an earth elemental
  1812 | D:3      | Reached skill level 1 in Dodging
  2055 | D:3      | Reached XP level 4. HP: 21/35 MP: 2/4
  3200 | D:4      | Gained mutation: You are partially covered in large bone plates. (SH +4) [demonic ancestry]
  3200 | D:4      | Reached XP level 5. HP: 40/41 MP: 5/5
  3614 | D:4      | Noticed an ogre
  3621 | D:4      | Mangled by an ogre

Vault maps used:
D:1:      scummos_arrival_checkerplants
D:2:      nicolae_qazlal_style_of_elements
D:4:      lemuel_coloured_pillars_altar, first_bread, uniq_grinder, uniq_sigmund

Skill      XL: |  1  2  3  4 |
---------------+-------------+-----
Long Blades    | 2 3 |  3.5
Armour         | 3 |  3.2
Dodging        | 1 |  1.7
Shields        | 3 |  3.3
Fighting       | |  3.5

Action                   |  1- 3 |  4- 6 || total
-------------------------+-------+-------++-------
Melee: Long sword        |   167 |    87 ||   254
  Use: Scroll            |     5 |     3 ||     8
       Potion            |     1 |       ||     1
 Stab: Sleeping          |     1 |       ||     1
  Eat: Chunk             |     4 |     5 ||     9
Armor: Scale mail        |    73 |    32 ||   105
Dodge: Dodged            |    57 |    25 ||    82
Block: Shield            |    86 |    41 ||   127
       Rpst.: Long sword |    16 |     7 ||    23
